 Dungeon Crawl Stone Soup version 0.19.1 (webtiles) character file.

71 Gargoyl the Skirmisher (level 4, -4/40 HPs)
             Began as a Draconian Abyssal Knight on Dec 5, 2016.
             Was a Follower of Lugonu.
             Slain by an ogre
             ... wielding a +0 giant club
              (14 damage)
             ... on level 4 of the Dungeon.
             The game lasted 00:03:35 (1699 turns).

Gargoyl the Skirmisher (Draconian Abyssal Knight)   Turns: 1699, Time: 00:03:36

Health: -4/40      AC:  5    Str: 15    XL:     4   Next: 5%
Magic:  5/5        EV: 12    Int: 12    God:    Lugonu [*.....]
Gold:   77         SH:  0    Dex: 11    Spells: 0 memorised, 3 levels left

rFire  . . .     SeeInvis +     e - +2 broad axe (chop)
rCold  . . .     Gourm    .     (armour unavailable)
rNeg   . . .     Faith    .     (no shield)
rPois  .         Spirit   .     (helmet restricted)
rElec  .         Reflect  .     (no cloak)
rCorr  +         Harm     .     (no gloves)
MR     .....                    (no boots)
Stlth  +.........               f - amulet of magic regeneration
                                j - ring of resist corrosion
                                c - ring of see invisible

@: no status effects
A: unfitting armour, cold-blooded, AC +5
a: Depart the Abyss, Renounce Religion


You were on level 4 of the Dungeon.
You worshipped Lugonu.
Lugonu was aware of your devotion.
You were not hungry.

You visited 1 branch of the dungeon, and saw 3 of its levels.
You visited the Abyss 1 time.

You collected 77 gold pieces.

Inventory:

Hand Weapons
 a - a +1 hand axe
 e - a +2 broad axe of chopping (weapon)
Jewellery
 c - a ring of see invisible (left hand)
 f - an amulet of magic regeneration (around neck)
 j - a ring of resist corrosion (right hand)
 k - a +4 ring of intelligence {unknown}
Potions
 i - a potion of curing
Comestibles
 b - 2 bread rations
 d - a slice of pizza
 g - a beef jerky
 h - 2 chunks of flesh


   Skills:
 * Level 4.1 Fighting
 + Level 2.7 Axes
 * Level 2.6 Dodging
 + Level 0.4 Stealth
 * Level 2.4 Invocations


You had 3 spell levels left.
You didn't know any spells.

Dungeon Overview and Level Annotations

Branches:
Dungeon (2/15)

Altars:


Innate Abilities, Weirdness & Mutations

Your plain brown scales are hard. (AC +5)
You cannot fit into any form of body armour.
You are cold-blooded and may be slowed by cold attacks.


Message History

The ogre is lightly wounded.
The ogre barely misses you. The ogre completely misses you.
You hit the ogre.
The ogre is moderately wounded.
The ogre hits you with a giant club!
You slash the ogre!
You tail-slap the ogre, but do no damage.
The ogre is severely wounded.
The ogre hits you with a giant club!
You barely miss the ogre.
The ogre is severely wounded.
The ogre misses you.
You completely miss the ogre.
The ogre is severely wounded.
The ogre hits you with a giant club!
* * * LOW HITPOINT WARNING * * *
You hit the ogre but do no damage. You tail-slap the ogre.
The ogre is severely wounded.
The ogre hits you with a giant club!
You die...

### ### #.. #
..######[# #.
#.##...#.#
.###.#......#####
..#............# #
#.#........###.##
#..#.#........##...##
#....@........#.....#.
#....O#.....>.........
#......#.......#.#.####
#....?.#.......#.###
........#.....###.#
........#.....# #.
#######.......#
..#.....# .##.....#


You could see an ogre.

Vanquished Creatures
  3 adders
  An ooze (D:2)
  3 dart slugs
  2 leopard geckos
  3 giant cockroaches
  A hobgoblin (D:1)
  4 jackals
  A kobold (D:1)
  2 bats
  2 frilled lizards (D:1)
  6 goblins
  5 rats
33 creatures vanquished.

Notes
Turn   | Place    | Note
-------+----------+-------------------------------------------
     0 | Abyss:1  | Gargoyl the Draconian Abyssal Knight began the quest for the Orb.
     0 | Abyss:1  | Reached XP level 1. HP: 19/19 MP: 2/2
    83 | Abyss:2  | Noticed a large abomination
    93 | Abyss:2  | Noticed a large abomination
   108 | D:1      | Escaped the Abyss
   463 | D:1      | Reached XP level 2. HP: 16/27 MP: 3/3
   781 | D:1      | Reached * piety under Lugonu
  1168 | D:1      | Reached skill level 4 in Fighting
  1168 | D:1      | Reached XP level 3. HP: 17/33 MP: 4/4
  1652 | D:2      | Reached XP level 4. HP: 40/40 MP: 5/5
  1673 | D:2      | You fall through a shaft for 2 floors!
  1692 | D:4      | Noticed an ogre
  1699 | D:4      | Slain by an ogre

Skill      XL: |  1  2 |
---------------+-------+-----
Fighting       | 4 |  4.1
Axes           | |  2.7
Dodging        | |  2.6
Stealth        | |  0.4
Invocations    | |  2.4

Action                   |  1- 3 |  4- 6 || total
-------------------------+-------+-------++-------
Melee: Broad axe         |    85 |    10 ||    95
       Tailslap          |     5 |     3 ||     8
Invok: Depart the Abyss  |     1 |       ||     1
  Use: Scroll            |     4 |       ||     4
       Potion            |     1 |       ||     1
  Eat: Chunk             |     3 |       ||     3
Armor: Skin              |    28 |     2 ||    30
Dodge: Dodged            |    68 |     4 ||    72
